AoeStats
← Izari

Migration

509575775Analyzed
1v1 RM · 7d ago on Sep 27, 2026· 32m 20s· 2 players
Game mode
Random Map
Map size
132×132
Population
200
Speed
Normal
Resources
Standard
Victory
Conquest
Starting age
Dark Age
Ending age
Imperial Age
RankedLock teamsTeams togetherTeam positionsShared explorationLock speedFull tech treeHidden civsTurbo modeCheats
Victory
Defeat
🇩🇪 Vikings · Germany
1278
+41
🇫🇮 Vikings · Finland
1291
-17
Amo
13:07 Feudal Age
13:53 Double-Bit Axe
14:42 Fletching
17:18 Fishing Lines
20:53 Castle Age
21:38 Bodkin Arrow
21:48 Loom
22:22 Medium Warships
23:13 Clinker Construction
23:14 Careening
23:25 Careening
25:56 Ballistics
28:01 Masonry
27:46 Murder Holes
27:43 Heated Shot
30:56 Imperial Age
29:05 Gold Mining
31:54 Bracer
33:06 Chemistry
31:33 Crossbowman
Izari
6:33 Loom
12:33 Feudal Age
13:43 Double-Bit Axe
14:46 Fletching
15:06 Fishing Lines
17:30 Castle Age
15:37 Gold Mining
15:44 Stone Mining
18:10 Bodkin Arrow
20:36 Town Watch
21:09 Bow Saw
20:59 Gillnets
28:08 Careening
30:12 Horse Collar
Connection lost

Rejoining the realm…

Still unreachable

The connection could not be restored.

Session expired

The server has moved on; the page needs a fresh start.